 Dungeon Crawl Stone Soup version 0.28-a0-172-g787e458d71 (webtiles) character file.

Game seed: 2171569466474936393

44 Spaninq the Cudgeller (level 3, -3/27 HPs)
             Began as a Mummy Wanderer on Aug 16, 2021.
             Slain by a gnoll (7 damage)
             ... on level 2 of the Dungeon.
             The game lasted 00:03:47 (2414 turns).

Spaninq the Cudgeller (Mummy Wanderer)              Turns: 2414, Time: 00:03:47

Health: -3/27      AC:  6    Str: 15    XL:     3   Next: 41%
Magic:  5/5        EV:  9    Int: 15    God:
Gold:   80         SH:  0    Dex: 14    Spells: 4/4 levels left

rFire   x . .      SeeInvis .   j - +0 mace
rCold   + . .      Faith    .   (no shield)
rNeg    + + +      Spirit   .   e - +0 scale mail {rPois}
rPois   ∞          Reflect  .   (no helmet)
rElec   .          Harm     .   (no cloak)
rCorr   .          Rampage  .   (no gloves)
Will    .....                   (no boots)
Stlth   ..........              (no amulet)
HPRegen 0.09/turn               g - +6 ring of intelligence
MPRegen 0.09/turn               (no ring)

@: no status effects
A: cold resistance 1, negative energy resistance 3, torment resistance 2, heat
vulnerability 1, no potions
a: no special abilities


You were on level 2 of the Dungeon.
You visited 1 branch of the dungeon, and saw 2 of its levels.

You collected 80 gold pieces.

Inventory:

Hand Weapons
 a - a +2 dagger
 j - a +0 mace (weapon)
Armour
 e - a +0 scale mail of poison resistance (worn)
Jewellery
 g - a +6 ring of intelligence (left hand)
Wands
 l - a wand of iceblast (12)
Scrolls
 b - a scroll of blinking
 c - a scroll of teleportation
 d - a scroll of magic mapping {unknown}
 f - a scroll of amnesia {unknown}
 h - a scroll of immolation {unknown}
 i - a scroll of torment {unknown}
 k - a scroll of identify {unknown}


   Skills:
 + Level 2.0 Fighting
 * Level 2.8 Maces & Flails
 - Level 1.0 Throwing
 - Level 1.0 Stealth
 - Level 1.3 Spellcasting
 - Level 2.4 Conjurations
 - Level 1.0 Transmutations


You had 4 spell levels left.
You didn't know any spells.
Your spell library contained the following spells:

 Spells                   Type           Power      Damage    Failure   Level
 Shock                    Conj/Air       16%        1d4       52%         1
 Swiftness                Air            1%         N/A       96%         3
 Airstrike                Air            0%         N/A       100%        4


Dungeon Overview and Level Annotations

Branches:
Dungeon (2/15)

Altars:


Innate Abilities, Weirdness & Mutations

You are immune to poison.
Your flesh is cold resistant. (rC+)
You are immune to negative energy. (rN+++)
You are immune to unholy pain and torment.
You are vulnerable to heat. (rF-)
You do not drink.


Message History

The endoplasm freezes you.
You are frozen.
You resist.
You hit the endoplasm.
You kill the endoplasm!
Things that are here:
a +0 club; a +0 dagger; a goblin corpse
There is an open door here.
l - a wand of iceblast (12)
You now have 68 gold pieces (gained 9).
You now have 80 gold pieces (gained 12).
Found an escape hatch in the ceiling.
You open the door.
There is an open door here. 3 gnolls come into view.
The gnoll shouts! x2
You hit the gnoll.
The gnoll is heavily wounded.
The gnoll hits you with a +0 club. x2
A gnoll comes into view. It is wielding a +0 halberd.
The gnoll shouts!
The gnoll hits you from afar with a +0 halberd.
Things that are here:
a +0 club; a +0 dagger; a goblin corpse The jackal misses you.
The jackal bites you.
You thump the jackal!
You kill the jackal!
You barely miss the gnoll.
The gnoll is heavily wounded.
The gnoll barely misses you. x2
You hit the gnoll.
The gnoll is almost dead.
The gnoll hits you with a +0 club. The gnoll hits you but does no damage.
The gnoll hits you with a +0 spear!
* * * LOW HITPOINT WARNING * * *
The gnoll barely misses you. The gnoll hits you with a +0 spear.
* * * LOW HITPOINT WARNING * * *
The gnoll hits you from afar with a +0 halberd!
You die...

#....#g....#........
######gg...##.#.....
#.....#.##.#.####
#####.#####.##.#.##..
#.....#####.##.#.##.#
#.....)...#.##.#.#..#
#.....###.#.##.#.#'##
#.....g.#.#.##.#.....
#..g@.#g#.#....#.....
#...g##.#.#.##.#.....
###.....#.<....#.....
########.......#.##
#.#.......#
#.#########
#.#########
#.........#
#########.#


You could see 3 gnolls.

Vanquished Creatures
  A worm (D:2)
  3 endoplasms
  7 giant cockroaches (D:1)
  3 goblins (D:2)
  A hobgoblin (D:1)
  5 jackals
  A quokka (D:1)
  6 ball pythons (D:1)
  3 bats (D:1)
  2 frilled lizards
  4 kobolds (D:1)
  A rat (D:1)
37 creatures vanquished.

Notes
Turn   | Place    | Note
-------+----------+-------------------------------------------
     0 | D:1      | Spaninq the Mummy Wanderer began the quest for the Orb.
     0 | D:1      | Spaninq set off with the following items: a +2 dagger, a
                  | scroll of blinking, a scroll of teleportation, a +0 robe
     0 | D:1      | Reached XP level 1. HP: 15/15 MP: 2/2
   179 | D:1      | Reached XP level 2. HP: 11/21 MP: 4/4
  1084 | D:1      | Found a faded altar of an unknown god.
  1096 | D:1      | Reached XP level 3. HP: 23/27 MP: 5/5
  2414 | D:2      | Slain by a gnoll

Illustrated notes

Levels and vault maps discovered:
D:1:      eino_arrival_druids_welcome, layout_loops_ring,
          basic_ecumenical_altar, minmay_worlds_worst_comb
D:2:      layout_basic

Skill      XL: |  1  2  3 |
---------------+----------+-----
Maces & Flails | 2 |  2.8
Fighting       | 2 |  2.0
Throwing       | |  1.0
Stealth        | |  1.0
Spellcasting   | |  1.3
Conjurations   | |  2.4
Transmutations | |  1.0

Action                   || total
-------------------------++-------
Melee: Whip              ||   120
       Mace              ||    44
Armor: Scale mail        ||    76
Dodge: Dodged            ||    65

Table legend: (Time is in decaauts)
 A = Elapsed time spent in this place.
 B = Non-inter-level travel time spent in this place.
 C = Inter-level travel time spent in this place.
 D = Time resting spent in this place.
 E = Time spent auto-exploring this place.
 F = Levels seen in this place.
 G = Mean time per level.
                   A        B        C        D        E       F      G
               +--------+--------+--------+--------+--------+-----+--------+
         Total |   2424 |   2327 |     97 |    408 |   1518 |   2 | 1212.0 |
       Dungeon |   2424 |   2327 |     97 |    408 |   1518 |   2 | 1212.0 |
               +--------+--------+--------+--------+--------+-----+--------+

Top non-repeatable levels by time:
     D:1: 1534 daAuts
     D:2: 890 daAuts
